 Dungeon Crawl Stone Soup version 0.25.0-3-gd7cc5688da (webtiles) character file.

Game seed: 9195520127428930329

10826 Esekla the Thaumaturge (level 11, -7/91 HPs)
             Began as a Purple Draconian Necromancer on June 15, 2020.
             Was a Believer of Vehumet.
             Mangled by Snorg (17 damage)
             ... on level 11 of the Dungeon.
             The game lasted 02:27:24 (18024 turns).

Esekla the Thaumaturge (DrNe)                      Turns: 18024, Time: 02:27:25

Health: -7/91      AC: 12    Str: 10    XL:     11   Next: 41%
Magic:  11/23      EV: 14    Int: 19    God:    Vehumet [**....]
Gold:   711        SH:  0    Dex: 12    Spells: 11/27 levels left

rFire    . . .     SeeInvis .   f - +3 scimitar (flame)
rCold    . . .     Gourm    .   (no shield)
rNeg     . . .     Faith    .   (armour unavailable)
rPois    .         Spirit   .   l - +2 hat
rElec    .         Reflect  .   x - +0 cloak
rCorr    .         Harm     .   d - +0 pair of gloves
MR       +....     Clarity  +   O - +0 pair of boots
Stlth    ++........             (no amulet)
HPRegen  0.25/turn              r - ring of wizardry
MPRegen  0.18/turn              A - ring of wizardry

@: no status effects
A: breathe power, unfitting armour, antennae 1, stinger 1, talons 1, clarity,
cold-blooded, MP-powered wands, AC +7
a: Breathe Dispelling Energy, Renounce Religion


You were on level 11 of the Dungeon.
You worshipped Vehumet.
Vehumet was pleased with you.
You were not hungry.

You visited 4 branches of the dungeon, and saw 14 of its levels.
You also visited: Sewer.

You collected 893 gold pieces.
You spent 182 gold pieces at shops.

Inventory:

Hand Weapons
 a - a +3 vorpal hand axe
 f - a +3 scimitar of flaming (weapon)
 s - a +0 long sword
 t - the +8 trident "Xapeesoe" {speed, rN+ MR+ Str+3 Int-2}
   (You found it on level 10 of the Dungeon)

   Attacks with this weapon are significantly faster.
   It affects your strength (+3).
   It affects your intelligence (-2).
   It protects you from negative energy.
   It affects your resistance to hostile enchantments.
 v - a +2 short sword of venom
 D - a +1 dagger of pain
 M - a +2 dagger of distortion
Missiles
 u - 23 poisoned darts (quivered)
 P - 11 javelins
 S - 8 boomerangs
Armour
 d - a +0 pair of gloves (worn)
 l - a +2 hat (worn)
 x - a +0 cloak (worn)
 O - a +0 pair of boots (worn)
Jewellery
 k - a +6 ring of dexterity
 n - an uncursed ring of protection from cold
 r - a ring of wizardry (left hand)
 A - a ring of wizardry (right hand)
Wands
 m - a wand of polymorph (15)
 p - a wand of acid (19)
 H - a wand of paralysis (7)
Scrolls
 c - 4 scrolls of remove curse
 e - a scroll of random uselessness {unknown}
 g - a scroll of enchant weapon
 h - 2 scrolls of fear {unknown}
 y - a scroll of immolation {unknown}
 z - 2 scrolls of magic mapping
 C - a scroll of vulnerability {unknown}
 E - 2 scrolls of silence {unknown}
 G - 2 scrolls of amnesia {unknown}
 I - a scroll of fog {unknown}
 J - a scroll of enchant armour {unknown}
 K - a scroll of teleportation
Potions
 i - 2 potions of lignification
 j - 4 potions of flight
 o - a potion of berserk rage {unknown}
 q - 2 potions of haste
 w - 3 potions of brilliance {unknown}
 B - 2 potions of stabbing {unknown}
 F - 3 potions of might
 L - 3 potions of curing
 N - 2 potions of heal wounds
 Q - a potion of ambrosia {unknown}
 R - a potion of magic {unknown}
Comestibles
 b - 20 rations


   Skills:
 + Level 6.6 Fighting
 + Level 4.5(4.7) Short Blades
 * Level 2.0(3.5) Long Blades
 + Level 7.8 Axes
 + Level 0.4(4.8) Polearms
 + Level 4.9 Dodging
 - Level 1.7 Stealth
 * Level 8.8 Spellcasting
 * Level 4.0 Conjurations
 * Level 4.9 Hexes
 + Level 6.0 Necromancy
 + Level 3.4 Translocations
 * Level 3.2 Fire Magic
 * Level 3.0 Air Magic
 * Level 3.2 Poison Magic
 * Level 2.6 Evocations


You had 11 spell levels left.
You knew the following spells:

 Your Spells              Type           Power        Failure   Level  Hunger
a - Apportation           Tloc           ###...       1%          1    None
b - Blink                 Tloc           N/A          1%          2    None
c - Mephitic Cloud        Conj/Pois/Air  ###.....     1%          3    None
d - Vampiric Draining     Necr           ####......   1%          3    None
e - Shock                 Conj/Air       ###.         1%          1    None
f - Conjure Flame         Conj/Fire      ###.....     1%          3    None
g - Magic Dart            Conj           ###.         1%          1    None
h - Pain                  Necr           ####         1%          1    None
i - Corona                Hex            ####...      1%          1    None

Your spell library contained the following spells:

 Spells                   Type           Power        Failure   Level  Hunger
 Foxfire                  Conj/Fire      ###.         1%          1    None
 Animate Skeleton         Necr           N/A          1%          1    None
 Slow                     Hex            ####....     1%          2    None
 Animate Dead             Necr           N/A          1%          4    ###....
 Summon Small Mammal      Summ           #...         2%          1    None
 Call Imp                 Summ           #.......     3%          2    None
 Agony                    Necr           ####....     5%          5    #####..


Dungeon Overview and Level Annotations

Branches:
Dungeon (11/15)            Temple (1/1) D:7            Lair (1/6) D:8
    Orc (1/2) D:10          Sewer (visited)

Altars:
Ashenzari
Cheibriados
Dithmenos
Elyvilon
Fedhas
Gozag
Hepliaklqana
Kikubaaqudgha
Makhleb
Nemelex Xobeh
Okawaru
Qazlal
Ru
Sif Muna
Trog
Uskayaw
Vehumet
Wu Jian
Xom
Yredelemnul
Zin
The Shining One

Shops:
D:10 !

Annotations:
D:11 Snorg


Innate Abilities, Weirdness & Mutations

You can breathe bolts of dispelling energy.
Your rich purple scales are hard. (AC +7)
You cannot fit into any form of body armour.
You are cold-blooded and may be slowed by cold attacks.
You have a pair of small antennae on your head.
Your tail ends in a poisonous barb.
You have sharp toenails.
You possess an exceptional clarity of mind.
You expend magic power (3 MP) to strengthen your wands.


Message History

Snorg is engulfed in noxious fumes.
Snorg appears confused.
Snorg bites you!!
* * * LOW HITPOINT WARNING * * *
Snorg barely misses you. Snorg closely misses you.
Casting: Mephitic Cloud (safe; 1% risk of failure)
Confirm with . or Enter, or press ? or * to list all spells.
You don't know that spell.
Unknown command.
Casting: Mephitic Cloud (safe; 1% risk of failure)
Confirm with . or Enter, or press ? or * to list all spells.
Aiming: Vampiric Draining (safe; 1% risk of failure)
Press: ? - help, Shift-Dir - straight line, f/p - Snorg
Aim: Snorg (noxious fumes, lightly wounded, berserk, confused, poisoned) Snorg is moderately wounded.
You feel life coursing into your body.
You are engulfed in noxious fumes.
You choke on the stench!
You feel momentarily confused.
* * * LOW HITPOINT WARNING * * *
Snorg is engulfed in noxious fumes.
Snorg bites you!
* * * LOW HITPOINT WARNING * * *
Snorg claws you!
You die...

#...........#
.#...........#
.............# #########
##...........# #........
......(......###........
..............##........
...............#........
.......((○☼.....#........
T#........@T○.............
......#.....§....#........
.................#........
.....##........#.........
#..#...................
##..............########
#...(.(..(.....##
#..>.....((....†##########
#...#...........#...##(.(#


You could see Snorg (berserk, confused, poisoned).

Vanquished Creatures
  Erica (D:10)
  A two-headed ogre (D:11)
  A centaur zombie (D:11)
  A rime drake (Lair:1)
  4 trolls
  A wyvern (D:8)
  4 yaks (D:10)
  A wraith (D:10)
  A hungry ghost (D:10)
  A water moccasin (D:6)
  Duvessa (D:5)
  8 orc warriors
  2 sky beasts
  5 ice beasts
  A necrophage (D:10)
  2 phantoms
  A black bear (D:6)
  4 ogres
  2 wolves (D:8)
  14 centaurs
  8 bullfrogs
  2 scorpions
  Dowan (D:5)
  A water moccasin skeleton (D:7)
  9 wights
  14 killer bees
  A howler monkey (D:5)
  3 electric eels (D:8)
  4 crimson imps
  A bullfrog zombie (D:10)
  A quasit (D:10)
  2 bullfrog skeletons
  7 hounds
  A jelly (D:5)
  10 orc wizards
  A centaur skeleton (D:10)
  11 orc priests
  Jessica (D:2)
  4 iguanas
  5 worker ants
  A howler monkey zombie (D:5)
  2 worker ant zombies
  9 gnolls
  22 adders
  2 shadow imps
  8 oozes
  5 adder skeletons
  3 worms
  A dart slug (D:3)
  15 leopard geckos
  40 orcs
  11 giant cockroaches
  7 hobgoblins
  14 jackals
  11 kobolds
  5 quokkas
  9 ball pythons (Sewer)
  5 bats
  25 frilled lizards
  10 goblins
  2 jackal skeletons
  A leopard gecko skeleton (D:4)
  A quokka zombie (D:6)
  3 rats
355 creatures vanquished.

Vanquished Creatures (others)
  2 electric eels (D:8)
  An orc (D:8)
3 creatures vanquished.

Grand Total: 358 creatures vanquished

Notes
Turn   | Place    | Note
-------+----------+-------------------------------------------
     0 | D:1      | Esekla the Draconian Necromancer began the quest for the
                  | Orb.
     0 | D:1      | Reached XP level 1. HP: 14/14 MP: 3/3
   653 | D:1      | Reached XP level 2. HP: 9/22 MP: 5/5
   721 | D:1      | Reached skill level 1 in Fighting
  1361 | D:2      | Reached skill level 1 in Axes
  1390 | D:2      | Found an opulent altar of Gozag.
  1437 | D:2      | Reached XP level 3. HP: 23/28 MP: 3/6
  1446 | D:2      | Learned a level 3 spell: Vampiric Draining
  1515 | D:2      | Found a burning altar of Makhleb.
  1584 | D:2      | Noticed Jessica
  1643 | D:2      | Killed Jessica
  1643 | D:2      | Reached XP level 4. HP: 24/35 MP: 8/8
  2146 | D:2      | Found a snail-covered altar of Cheibriados.
  2199 | D:2      | Reached skill level 3 in Spellcasting
  2330 | D:2      | Reached XP level 5. HP: 30/41 MP: 2/9
  2867 | D:4      | HP: 1/42 [orc priest/divine providence (13)]
  2868 | D:4      | Gained mutation: Scrolls take you a little longer to read.
                  | [potion of mutation]
  2868 | D:4      | Gained mutation: You possess an exceptional clarity of
                  | mind. [potion of mutation]
  2868 | D:4      | Gained mutation: Your tail ends in a poisonous barb.
                  | [potion of mutation]
  2868 | D:4      | Gained mutation: You passively map a small area around you.
                  | [potion of mutation]
  2869 | D:4      | Reached XP level 6. HP: 1/49 MP: 1/11
  3250 | D:5      | Entered Level 5 of the Dungeon
  3250 | D:5      | Found a shimmering blue altar of Sif Muna.
  3250 | D:5      | Found an iron altar of Okawaru.
  3250 | D:5      | Noticed an orc warrior
  3410 | D:5      | Killed an orc warrior
  3410 | D:5      | Reached skill level 4 in Spellcasting
  3410 | D:5      | Your scales start taking on a rich purple colour.
  3410 | D:5      | Reached XP level 7. HP: 33/56 MP: 7/14
  3418 | D:5      | Reached skill level 5 in Spellcasting
  3588 | D:5      | Found a glowing drain.
  3597 | Sewer    | Entered a sewer
  4061 | Sewer    | Reached skill level 5 in Axes
  4220 | Sewer    | Lost mutation: You passively map a small area around you.
                  | [potion of mutation]
  4220 | Sewer    | Lost mutation: Scrolls take you a little longer to read.
                  | [potion of mutation]
  4220 | Sewer    | Gained mutation: You have a pair of small antennae on your
                  | head. [potion of mutation]
  4220 | Sewer    | Gained mutation: You have sharp toenails. [potion of
                  | mutation]
  4220 | Sewer    | Gained mutation: You expend magic power (3 MP) to
                  | strengthen your wands. [potion of mutation]
  4244 | D:6      | Found a shattered altar of Ashenzari.
  4911 | D:4      | Reached skill level 1 in Short Blades
  4911 | D:4      | Reached XP level 8. HP: 51/64 MP: 16/16
  5248 | D:5      | Noticed Dowan
  5308 | D:5      | Noticed Duvessa
  5435 | D:6      | Found a white marble altar of Elyvilon.
  5515 | D:6      | Reached skill level 6 in Spellcasting
  6343 | D:6      | Reached skill level 5 in Necromancy
  6538 | D:5      | Killed Dowan
  6538 | D:5      | Killed Duvessa
  6715 | D:6      | Reached XP level 9. HP: 66/73 MP: 18/18
  6755 | D:6      | Reached skill level 5 in Fighting
  7787 | D:7      | Reached skill level 7 in Spellcasting
  8008 | D:7      | Learned a level 1 spell: Apportation
  8015 | D:7      | Found a shimmering altar of Xom.
  8030 | D:7      | You fall into a shaft and drop 3 floors!
  8030 | D:10     | Entered Level 10 of the Dungeon
  8030 | D:10     | Found a staircase to the Orcish Mines.
  8035 | D:10     | Found Tyhanenk's Distillery.
  8036 | D:10     | Noticed Erica
  8351 | D:9      | Learned a level 3 spell: Mephitic Cloud
  8354 | D:9      | Learned a level 2 spell: Blink
  8358 | D:9      | Learned a level 3 spell: Conjure Flame
  8360 | D:9      | Learned a level 1 spell: Magic Dart
  8362 | D:9      | Learned a level 1 spell: Corona
  8772 | D:9      | Noticed a troll
  8821 | D:9      | Killed a troll
  8821 | D:9      | Reached skill level 1 in Conjurations
  8821 | D:9      | Reached skill level 1 in Hexes
  8821 | D:9      | Reached skill level 1 in Translocations
  8821 | D:9      | Reached skill level 1 in Fire Magic
  8821 | D:9      | Reached skill level 1 in Poison Magic
  8831 | D:9      | Reached skill level 1 in Air Magic
  9118 | D:9      | Found a sparkling altar of Nemelex Xobeh.
  9201 | D:8      | Noticed a troll
 10061 | D:7      | Reached XP level 10. HP: 80/83 MP: 21/21
 10247 | D:7      | Found a staircase to the Ecumenical Temple.
 10253 | Temple   | Entered the Ecumenical Temple
 10324 | Temple   | Became a worshipper of Vehumet
 11119 | D:3      | Found a bloodstained altar of Trog.
 11953 | D:6      | Reached * piety under Vehumet
 11953 | D:6      | Offered knowledge of Shock by Vehumet.
 12003 | D:6      | Learned a level 1 spell: Shock
 13251 | D:8      | Reached skill level 8 in Spellcasting
 13501 | D:8      | Got a crystal glaive
 13521 | D:8      | Identified the +7 glaive "Huw Yshry" {antimagic, rN+} (You
                  | found it on level 8 of the Dungeon)
 13903 | D:8      | Found a staircase to the Lair.
 14772 | D:8      | Reached skill level 1 in Evocations
 14853 | Lair:1   | Entered Level 1 of the Lair of Beasts
 15162 | D:10     | Killed Erica
 15200 | D:10     | Bought a potion of heal wounds for 65 gold pieces
 15200 | D:10     | Bought 2 potions of flight for 78 gold pieces
 15200 | D:10     | Bought a potion of curing for 39 gold pieces
 15248 | D:10     | Reached XP level 11. HP: 43/89 MP: 17/23
 15743 | D:10     | Got a crude trident
 16054 | D:10     | Reached ** piety under Vehumet
 16055 | D:10     | Offered knowledge of Foxfire by Vehumet.
 16608 | D:10     | Identified the +8 trident "Xapeesoe" {speed, rN+ MR+ Str+3
                  | Int-2} (You found it on level 10 of the Dungeon)
 16648 | Orc:1    | Entered Level 1 of the Orcish Mines
 16829 | D:11     | Reached skill level 1 in Long Blades
 17295 | D:11     | Noticed a two-headed ogre
 17311 | D:11     | Killed a two-headed ogre
 17915 | D:11     | Noticed Snorg
 18024 | D:11     | Mangled by Snorg

Illustrated notes

Levels and vault maps discovered:
D:1:      shiori_shiawase, layout_basic
D:2:      layout_loops_ring, lemuel_round_altar, grunt_gozag_statues,
          overflow_temple_1_default, kennysheep_jessica_study
D:3:      layout_loops_ring, lemuel_round_altar
D:4:      layout_loops_corners
D:5:      layout_basic, grunt_temple_overflow_open, portal_sewer_entry_d,
          first_ration, uniq_duvessa
D:6:      kennysheep_spiral_hall, layout_basic, kennysheep_mini_moat,
          old_standard_altar
D:7:      layout_basic, lemuel_round_altar, minmay_temple_entry_enclosed_plants,
          grunt_ogre_cave
D:8:      layout_basic, erik_lair_island, st_stairs_3, roderic_serpentine_path
D:9:      layout_roguey, nemelex_xobeh_ov_fountains_minmay
D:10:     layout_layer_cave, orc_david_3, serial_shops, shop_statue, uniq_erica
D:11:     layout_rooms, uniq_snorg
Temple:   minmay_temple_bridge_abc
Lair:1:   beast_lair_carwin_large_4, layout_chaotic_city
Orc:1:    layout_diamond_mine, serial_shops, shop, shop, shop, nooodl_orcs_dogs,
          uniq_gastronok

Skill      XL: |  1  2  3  4  5  6  7  8  9 10 11 |
---------------+----------------------------------+-----
Fighting       | 1 2 3 4 6 |  6.6
Axes           | 1 2 3 4 5 6 7 |  7.8
Dodging        | 2 3 4 |  4.9
Spellcasting   | 3 4 5 6 7 8 |  8.8
Short Blades   | 1 2 3 4 |  4.5
Necromancy     | 5 6 |  6.0
Conjurations   | 1 3 4 |  4.0
Hexes          | 1 4 |  4.9
Translocations | 1 3 |  3.4
Fire Magic     | 1 2 3 |  3.2
Poison Magic   | 1 2 3 |  3.2
Air Magic      | 1 2 3 |  3.0
Evocations     | 1 2 |  2.6
Long Blades    | 2 |  2.0
Polearms       | |  0.4
Stealth        | |  1.7

Action                   |  1- 3 |  4- 6 |  7- 9 | 10-12 || total
-------------------------+-------+-------+-------+-------++-------
Melee: Short sword       |    13 |       |    62 |   179 ||   254
       Hand axe          |    62 |    96 |   361 |   218 ||   737
       Tailslap          |     4 |     9 |    29 |    53 ||    95
       Kick              |       |       |    51 |    26 ||    77
       Trident           |       |       |       |    30 ||    30
       Scimitar          |       |       |       |    41 ||    41
Throw: Boomerang         |       |    19 |    29 |    95 ||   143
       Dart              |       |       |    24 |    29 ||    53
 Cast: Pain              |    25 |     2 |       |       ||    27
       Vampiric Draining |       |    14 |    42 |    28 ||    84
       Blink             |       |       |     4 |     6 ||    10
       Mephitic Cloud    |       |       |     3 |    25 ||    28
       Conjure Flame     |       |       |       |    24 ||    24
       Magic Dart        |       |       |       |    22 ||    22
       Apportation       |       |       |       |     4 ||     4
       Shock             |       |       |       |     7 ||     7
 Abil: Breathe Dispellin |       |       |     4 |     1 ||     5
Evoke: Wand              |       |     2 |       |       ||     2
  Use: Potion            |       |     1 |     2 |       ||     3
       Scroll            |       |     2 |     6 |     6 ||    14
 Stab: Sleeping          |     1 |     1 |     4 |     3 ||     9
       Distracted        |     1 |       |       |       ||     1
       Confused          |       |       |     4 |    12 ||    16
  Eat: Chunk             |     3 |     6 |    21 |    22 ||    52
       Ration            |       |       |     1 |     2 ||     3
Armor: Skin              |    17 |    28 |   124 |   176 ||   345
Dodge: Dodged            |    55 |    70 |   341 |   332 ||   798
       Rpst.: Long sword |       |       |     1 |       ||     1
       Scimitar          |       |       |       |    14 ||    14
